 Dungeon Crawl Stone Soup version 0.22-a0-830-gf552829 (webtiles) character file.

191 zishaf the Magician (level 5, -2/28 HPs)
             Began as a Deep Elf Fire Elementalist on July 24, 2018.
             Was an Initiate of Vehumet.
             Slain by Grinder (5 damage)
             ... on level 3 of the Dungeon.
             The game lasted 00:07:04 (3080 turns).

zishaf the Magician (Deep Elf Fire Elementalist)    Turns: 3080, Time: 00:07:04

Health: -2/28      AC:  2    Str:  5    XL:     5   Next: 42%
Magic:  6/13       EV: 14    Int: 21    God:    Vehumet [......]
Gold:   130        SH:  0    Dex: 15    Spells: 5/13 levels left

rFire    . . .     SeeInvis .   p - +2 whip (freeze)
rCold    . . .     Gourm    .   (no shield)
rNeg     . . .     Faith    .   a - +0 robe
rPois    .         Spirit   .   (no helmet)
rElec    .         Reflect  .   (no cloak)
rCorr    .         Harm     .   (no gloves)
MR       .....                  (no boots)
Stlth    ++........             (no amulet)
HPRegen  0.09/turn              (no ring)
MPRegen  0.13/turn              (no ring)

@: no status effects
A: no striking features
a: Renounce Religion


You were on level 3 of the Dungeon.
You worshipped Vehumet.
Vehumet was noncommittal.
You were not hungry.

You visited 1 branch of the dungeon, and saw 3 of its levels.

You collected 130 gold pieces.

Inventory:

Hand Weapons
 m - a +1 dagger of draining
 p - a +2 whip of freezing (weapon)
Armour
 a - a +0 robe (worn)
Scrolls
 b - 3 scrolls of identify {unknown}
 k - a scroll of teleportation {unknown}
 l - a scroll of random uselessness {unknown}
 n - a scroll of remove curse {unknown}
 o - a scroll of enchant weapon {unknown}
Potions
 e - 2 potions of heal wounds {unknown}
 f - a potion of mutation {unknown}
 g - 3 potions of magic {unknown}
 h - a potion of curing {unknown}
 i - a potion of cancellation {unknown}
 j - a potion of experience {unknown}
Comestibles
 c - 4 rations
 d - 3 chunks of flesh


   Skills:
 + Level 3.9 Dodging
 - Level 2.4 Stealth
 + Level 4.6 Spellcasting
 + Level 3.0 Conjurations
 + Level 4.4 Fire Magic


You had 5 spell levels left.
You knew the following spells:

 Your Spells              Type           Power        Failure   Level  Hunger
a - Flame Tongue          Conj/Fire      ###..        2%          1    None
b - Throw Flame           Conj/Fire      ###...       3%          2    #......
c - Fireball              Conj/Fire      ###.......   54%         5    ######.

Your spell library contained the following spells:

 Spells                   Type           Power        Failure   Level  Hunger
 Conjure Flame            Conj/Fire      ###.....     7%          3    ##.....
 Sticky Flame             Conj/Fire      ###.....     24%         4    ####...
 Inner Flame              Hex/Fire       ##......     14%         3    ##.....


Dungeon Overview and Level Annotations

Branches:
Dungeon (3/15)

Altars:
Ashenzari
Vehumet
The Shining One

Annotations:
D:3 Grinder


Message History

Aim: Grinder (heavily wounded)
The flame tongue hits Grinder.
Grinder is heavily wounded.
Grinder says, "Mostly I couldn't keep them alive."
Grinder gestures at you.
You suddenly lose the ability to move!
Grinder hits you.
You writhe in agony.
Grinder blinks!
You can move again.
Casting: Flame Tongue (safe; 2% risk of failure)
Confirm with . or Enter, or press ? or * to list all spells.
Aiming: Flame Tongue (safe; 2% risk of failure)
Press: ? - help, Shift-Dir - straight line, f/p - Grinder
Aim: Grinder (heavily wounded)
The flame tongue hits Grinder.
Grinder is severely wounded.
Grinder hits you!
* * * LOW HITPOINT WARNING * * *
You writhe in agony.
You die...

.......######.#######.#
#.....#
######.....<#.......5.#
#......
######.########..#
#......
#.########..########...
#
#.#..............).###.
#
#.#.######.#####.....##
######## ##.#. #.#
#....... ........
......#####.# ##....##
######## ###..5@....#
#..### #.$####### ####
#. . .. . ## .#


You could see Grinder.

Vanquished Creatures
  Terence (D:3)
  4 adders
  4 gnolls (D:3)
  2 oozes (D:1)
  2 worms (D:3)
  3 dart slugs
  3 leopard geckos
  4 orcs (D:3)
  A ball python (D:2)
  A giant cockroach (D:1)
  10 hobgoblins
  3 jackals (D:2)
  8 bats
  2 frilled lizards
  8 goblins
  9 kobolds
  2 rats (D:2)
67 creatures vanquished.

Notes
Turn   | Place    | Note
-------+----------+-------------------------------------------
     0 | D:1      | zishaf the Deep Elf Fire Elementalist began the quest for the Orb.
     0 | D:1      | Reached XP level 1. HP: 10/10 MP: 6/6
   165 | D:1      | Reached XP level 2. HP: 14/15 MP: 2/8
   169 | D:1      | Learned a level 2 spell: Throw Flame
   296 | D:1      | Found a glowing golden altar of the Shining One.
   668 | D:1      | Reached XP level 3. HP: 19/19 MP: 7/10
  1376 | D:2      | Reached XP level 4. HP: 23/24 MP: 4/11
  1925 | D:3      | Found a radiant altar of Vehumet.
  1946 | D:3      | Became a worshipper of Vehumet
  2342 | D:3      | Reached XP level 5. HP: 28/28 MP: 4/13
  2349 | D:3      | Learned a level 5 spell: Fireball
  2456 | D:3      | Found a shattered altar of Ashenzari.
  2557 | D:3      | Noticed Terence
  2653 | D:3      | Killed Terence
  2947 | D:3      | Noticed Grinder
  2949 | D:3      | Paralysed by Grinder for 3 turns
  3075 | D:3      | Paralysed by Grinder for 5 turns
  3080 | D:3      | Slain by Grinder

Vault maps used:
D:1:      dpeg_arrival_snail, serial_glass, glass_columns_b, glass_columns_a,
          tso_metal_star
D:2:      first_ration
D:3:      vehumet_crystals, nicolae_ashenzari_panopticon, uniq_grinder,
          uniq_terence

Skill      XL: |  1  2  3  4  5 |
---------------+----------------+-----
Dodging        | 3 |  3.9
Conjurations   | 2 3 |  3.0
Spellcasting   | 4 |  4.6
Fire Magic     | 4 |  4.4
Stealth        | |  2.4

Action                   |  1- 3 |  4- 6 || total
-------------------------+-------+-------++-------
 Cast: Flame Tongue      |    64 |    67 ||   131
       Throw Flame       |     8 |    17 ||    25
  Eat: Chunk             |     1 |     6 ||     7
Armor: Robe              |     5 |     3 ||     8
Dodge: Dodged            |    21 |    13 ||    34

Table legend:
 A = Spawn XP
 B = Non-spawn XP
 C = Spawn XP percentage of total XP
 D = Spawn monster count
 E = Non-spawn monster count
 F = Spawn count percentage of total count
 G = Total turns spent on level
                    A         B        C        D         E        F      G
               +---------+---------+-------+---------+---------+-------+---------
         Total |       0 |     274 |   0.0 |       0 |      67 |   0.0 |  3080
               +---------+---------+-------+---------+---------+-------+---------
           D:1 |       0 |      57 |   0.0 |       0 |      27 |   0.0 |   976
           D:2 |       0 |      62 |   0.0 |       0 |      19 |   0.0 |   925
           D:3 |       0 |     155 |   0.0 |       0 |      21 |   0.0 |  1179
               +---------+---------+-------+---------+---------+-------+---------
